Map: Pride of Altaris LE

Players

Warthog - Winner!

  • Race: Terran Terran
  • League: Diamond
  • Spawn Location: 11:00

LogginsKenny

  • Race: Protoss Protoss
  • League: Master
  • Spawn Location: 5:00

VOD

Have the link to the VOD?

Description

Time

  • Played on: Dec. 7, 2021, 9:53 p.m.
  • Length: 13:43
Show
View Real Time Build Order
Export as new Build Order

Warthog Terran - Winner!

Build Orders:  

Get SALT Encoding   

  12  0:00  SCV  
  13  0:12  SCV  
  14  0:17  Supply Depot  
  14  0:24  SCV  
  15  0:39  SCV  
  15  0:40  Barracks  
  16  0:44  Refinery  
  16  0:51  SCV  
  17  1:03  SCV  
  18  1:15  SCV  
  19  1:28  Marine  
  20  1:35  Orbital Command  
  20  1:47  Command Center  
  20  1:52  Barracks Reactor  
  20  2:01  Supply Depot  
  20  2:06  SCV  
  21  2:18  SCV  
  21  2:19  Factory  
  22  2:26  Refinery  
  21  2:30  SCV  
  21  2:33  Marine x2  
  21  2:36  Bunker  
  24  2:42  SCV  
  25  2:51  Marine x2  
  25  2:54  SCV  
  27  2:59  Orbital Command  
  26  3:05  Starport  
  26  3:11  Hellion  
  28  3:14  SCV  
  28  3:18  Marine  
  30  3:23  Marine  
  31  3:27  SCV x2  
  31  3:32  Hellion  
  35  3:42  SCV  
  35  3:44  SCV  
  35  3:47  Medivac  
  35  3:48  Marine x2  
  37  4:01  SCV  
  38  4:07  Hellion  
  41  4:10  SCV  
  41  4:11  Marine x2  
  41  4:13  SCV  
  44  4:19  Barracks  
  44  4:21  Barracks  
  44  4:22  SCV  
  45  4:25  SCV  
  45  4:30  Supply Depot, Factory Tech Lab  
  45  4:31  Supply Depot  
  46  4:38  Starport Tech Lab  
  46  4:52  SCV x2, Marine x2  
  50  5:04  SCV x2  
  52  5:13  Barracks Tech Lab x2, Raven, Siege Tank  
  51  5:14  Marine x2  
  51  5:16  SCV x2  
  51  5:20  Command Center  
  47  5:28  SCV  
  47  5:31  SCV  
  49  5:35  Supply Depot  
  49  5:37  Stimpack, Marauder x2  
  49  5:38  Combat Shield  
  49  5:40  SCV  
  54  5:44  SCV  
  55  5:52  SCV  
  59  5:57  Siege Tank, Marine x2  
  59  5:58  Marauder  
  59  5:59  Marauder  
  59  6:02  Supply Depot  
  59  6:03  SCV  
  66  6:15  Marine x2  
  65  6:19  Marauder  
  65  6:20  Marine  
  65  6:24  SCV  
  69  6:30  Engineering Bay x2, Barracks  
  67  6:33  Orbital Command  
  67  6:34  SCV, Starport Reactor  
  67  6:36  SCV  
  67  6:38  Marauder, Marine  
  72  6:48  SCV  
  72  6:52  Refinery  
  72  6:53  Refinery, Marine  
  72  6:54  Marauder  
  76  6:59  Barracks  
  76  7:03  SCV  
  76  7:04  Terran Infantry Armor Level 1, Terran Infantry Weapons Level 1  
  77  7:11  SCV, Orbital Command  
  77  7:14  Medivac  
  77  7:15  SCV  
  81  7:22  Marauder x2, Marine  
  86  7:23  SCV, Marine  
  86  7:24  Marauder  
  90  7:36  SCV x3  
  93  7:47  Barracks Reactor, Concussive Shells  
  93  7:49  Missile Turret  
  93  7:50  Missile Turret  
  93  7:51  Supply Depot  
  93  7:53  Supply Depot, Siege Tank, Marine x2  
  93  7:54  SCV, Marauder  
  101  8:12  Medivac, Marine  
  101  8:13  SCV x3, Marauder  
  101  8:14  Supply Depot, Armory, Marine x2  
  101  8:15  Marauder  
  101  8:16  Supply Depot  
  113  8:21  Medivac  
  113  8:25  SCV  
  116  8:31  SCV  
  116  8:32  Missile Turret  
  116  8:33  Missile Turret  
  117  8:35  Marine  
  117  8:36  SCV, Marauder  
  117  8:37  SCV  
  117  8:41  Marauder, Marine  
  122  8:43  SCV  
  122  8:44  Siege Tank  
  122  8:48  SCV, Refinery x2  
  130  8:49  SCV  
  130  8:50  Factory  
  130  8:51  Factory  
  130  8:55  SCV  
  132  8:58  Supply Depot  
  132  8:59  Supply Depot, Marine  
  132  9:00  Marauder  
  132  9:01  SCV  
  137  9:02  SCV  
  137  9:06  Terran Infantry Weapons Level 2  
  137  9:17  Marine x3  
  137  9:18  Terran Infantry Armor Level 2, Marine  
  137  9:20  Marine x2  
  137  9:21  Marine  
  137  9:22  Supply Depot  
  144  9:24  Supply Depot  
  144  9:35  Marine x2  
  144  9:38  Factory Tech Lab x2  
  146  9:39  Marauder, Marine x2  
  150  9:51  Marauder, Marine  
  153  9:54  Marine  
  153  9:55  Siege Tank  
  153  9:58  Marine  
  153  9:59  Terran Vehicle Weapons Level 1  
  158  10:00  Supply Depot  
  158  10:01  Marauder  
  158  10:02  Supply Depot  
  158  10:04  Marine  
  158  10:06  Command Center  
  161  10:09  Marauder  
  161  10:11  Marine  
  161  10:12  Marauder  
  155  10:16  Marine  
  137  10:22  Marauder  
  137  10:24  Marine x2  
  137  10:27  Siege Tank  
  137  10:28  Siege Tank  
  139  10:30  Marauder  
  139  10:34  Marauder  
  137  10:37  Marine  
  137  10:40  Marine  
  137  10:43  Marauder  
  139  10:52  Marauder  
  141  11:00  Siege Tank x2  
  141  11:02  Marauder, Marine x3  
  151  11:08  Supply Depot x2  
  151  11:09  Siege Tank  
  152  11:26  Marauder, Marine x2  
  152  11:29  Marauder  
  152  11:30  Marine  
  152  11:31  Marauder, Marine  
  154  11:44  Marine x2  
  146  11:48  Marauder, Marine x2  
  146  11:50  Marauder  
  146  11:52  Marauder  
  146  11:53  Missile Turret  
  153  12:03  Missile Turret  
  153  12:04  Planetary Fortress  
  153  12:06  Siege Tank  
  156  12:09  Marauder, Marine  
  156  12:15  Missile Turret  
  159  12:19  Marine x2  
  159  12:20  Marauder  
  166  12:22  Siege Tank  
  166  12:23  Widow Mine  
  166  12:26  SCV  
  166  12:29  SCV, Marine  
  170  12:32  Marine  
  172  12:38  Marauder, Marine  
  175  12:49  Refinery, Marine  
  175  12:50  Marauder, Siege Tank  
  175  12:51  Marine  
  182  13:06  Marauder  
  182  13:08  SCV x2  
  182  13:10  Barracks  
  182  13:11  Barracks  
  157  13:32  Command Center  
  122  13:41  Command Center  
Show
View Real Time Build Order
Export as new Build Order

LogginsKenny Protoss 

Build Orders: 1 Gate Expand, Blink Stalkers 

Get SALT Encoding   

  12  0:00  Probe  
  13  0:12  Probe  
  14  0:18  Pylon  
  14  0:24  Probe (Chrono Boost)  
  15  0:36  Probe (Chrono Boost)  
  15  0:38  Gateway  
  16  0:45  Probe (Chrono Boost)  
  16  0:48  Assimilator  
  17  0:51  Probe  
  18  1:04  Probe  
  19  1:16  Probe  
  20  1:25  Cybernetics Core  
  20  1:33  Nexus  
  20  1:40  Pylon  
  20  1:45  Probe  
  21  1:57  Probe  
  22  2:03  Shield Battery, Adept (Chrono Boost)  
  24  2:09  Probe  
  24  2:14  Assimilator  
  25  2:19  Warp Gate  
  25  2:24  Adept (Chrono Boost)  
  27  2:31  Probe  
  28  2:45  Probe x2  
  28  2:46  Adept (Chrono Boost)  
  32  2:57  Probe  
  33  3:04  Probe  
  34  3:09  Probe  
  34  3:12  Stalker (Chrono Boost)  
  37  3:16  Probe  
  38  3:20  Twilight Council  
  38  3:21  Probe  
  39  3:28  Probe  
  39  3:33  Probe  
  41  3:34  Robotics Facility  
  41  3:40  Probe  
  42  3:45  Probe  
  41  3:52  Probe  
  40  3:57  Shield Battery  
  40  3:58  Probe  
  40  3:59  Blink (Chrono Boost)  
  41  4:04  Probe  
  41  4:07  Pylon  
  41  4:09  Gateway  
  40  4:10  Probe  
  40  4:11  Gateway  
  40  4:12  Stalker  
  40  4:16  Probe  
  44  4:18  Assimilator  
  44  4:22  Probe  
  44  4:23  Observer  
  46  4:28  Probe  
  46  4:31  Pylon  
  47  4:34  Probe  
  48  4:40  Stalker  
  48  4:42  Probe  
  51  4:46  Probe  
  51  4:48  Pylon  
  51  4:49  Observer  
  53  5:04  Stalker x2  
  50  5:15  Probe  
  50  5:17  Nexus  
  51  5:25  Probe (Chrono Boost)  
  51  5:28  Probe (Chrono Boost)  
  53  5:29  Warp Prism  
  53  5:31  Stalker  
  57  5:37  Probe (Chrono Boost)  
  57  5:40  Probe (Chrono Boost)  
  57  5:41  Shield Battery  
  59  5:43  Charge (Chrono Boost)  
  59  5:44  Probe (Chrono Boost)  
  59  5:45  Probe (Chrono Boost)  
  61  5:51  Probe  
  61  5:54  Probe  
  63  5:57  Assimilator  
  63  5:59  Stalker x2  
  65  6:17  Probe x2  
  62  6:23  Robotics Bay  
  62  6:29  Probe x2  
  62  6:34  Probe  
  62  6:37  Zealot x3  
  69  6:41  Gateway, Probe x2  
  69  6:43  Gateway  
  69  6:54  Pylon  
  69  6:55  Immortal (Chrono Boost)  
  69  6:59  Zealot, Sentry x2  
  80  7:10  Probe (Chrono Boost)  
  80  7:11  Probe (Chrono Boost)  
  80  7:13  Probe (Chrono Boost)  
  80  7:15  Extended Thermal Lance  
  82  7:19  Forge  
  82  7:20  Shield Battery  
  82  7:21  Probe (Chrono Boost)  
  82  7:22  Colossus (Chrono Boost), Probe (Chrono Boost)  
  85  7:23  Probe (Chrono Boost)  
  85  7:28  Probe  
  92  7:31  Probe  
  92  7:34  Probe  
  88  7:40  Probe  
  88  7:42  Observer, Pylon  
  89  7:44  Sentry  
  89  7:46  Probe, Protoss Ground Armor Level 1 (Chrono Boost)  
  89  7:48  Nexus, Pylon  
  89  7:51  Pylon  
  92  7:57  Probe  
  93  8:00  Probe  
  93  8:01  Forge  
  93  8:02  Colossus (Chrono Boost)  
  100  8:14  Zealot x5  
  100  8:16  Probe x2  
  100  8:19  Photon Cannon  
  112  8:21  Shield Battery  
  112  8:22  Probe  
  113  8:27  Protoss Ground Weapons Level 1 (Chrono Boost)  
  113  8:35  Gateway  
  113  8:38  Gateway  
  113  8:40  Gateway  
  113  8:48  Pylon  
  113  8:49  Zealot  
  113  8:55  Pylon  
  115  8:56  Colossus (Chrono Boost)  
  115  8:59  Pylon  
  115  9:01  Probe x2  
  123  9:04  Gravitic Boosters, Pylon  
  123  9:17  Stalker x3  
  125  9:18  Stalker  
  125  9:21  Probe  
  132  9:26  Templar Archives  
  132  9:30  Probe x2, Assimilator  
  134  9:33  Assimilator  
  134  9:34  Dark Shrine  
  134  9:37  Gateway  
  134  9:40  Protoss Ground Armor Level 2 (Chrono Boost), Colossus  
  134  9:41  Zealot x3  
  134  9:43  Zealot  
  145  9:50  Shield Battery  
  145  9:51  Shield Battery  
  143  9:56  Zealot x4  
  151  10:05  Zealot x4  
  140  10:16  Zealot x2  
  140  10:17  Zealot  
  128  10:22  Zealot  
  128  10:26  Observer  
  130  10:31  Zealot x4  
  130  10:34  Warp Prism (Chrono Boost)  
  131  10:54  Nexus  
  131  10:56  Dark Templar x6  
  143  10:58  Pylon  
  143  11:00  Pylon  
  141  11:04  Zealot x3  
  141  11:05  Protoss Ground Weapons Level 2 (Chrono Boost)  
  141  11:06  Colossus (Chrono Boost)  
  151  11:26  Dark Templar x3  
  139  11:57  Colossus  
  139  12:04  High Templar  
  139  12:06  Zealot x2  
  139  12:07  Zealot x6  
  157  12:09  Probe  
  157  12:19  Probe x3  
  157  12:21  Probe  
  161  12:28  Nexus, Gateway  
  161  12:29  Pylon  
  161  12:31  Gateway, Pylon  
  161  12:33  Gateway, Pylon  
  161  12:35  Pylon  
  161  12:36  Gateway  
  161  12:37  Pylon  
  161  12:38  Pylon  
  161  12:46  Pylon  
  165  13:04  Zealot  
  165  13:05  Zealot x2  
  170  13:07  Dark Templar x3  
  170  13:10  Nexus  
Tags
 
Add a new tag
Caveats
  • Supply blocks, unpowered buildings, or Contaminate may cause inaccurate times.
  • Supply counts are checked every 10 seconds.